cohdb
Replays
Latest Replays
All Replays
Popular Replays
Top Player Replays
Match Explorer
How It Works
Community
CoH3 Stats
Reddit
Sign in to upload your games and track your stats! →
Sign in with Steam
Match 44544376
Unlisted
Match 44544376
Overview
Messages
Build Orders
End
Panzergrenadier Squad
Panzergrenadier Squad
250 Light Carrier
Construct Light Support Kompanie
2.5-tonne Medical Truck
Construct Mechanized Kompanie
Selects Panzerjäger Kommand Battlegroup
Selects Tank Busters
Panzerjäger Squad
Support Armor Elements
StuG III D Assault Gun
Marder III Tank Destroyer
Selects Mine Fields
Selects Defensive Positions
MASTER_YOUR_SLEEP
superaudiophile
ingmar geilers
Riserock14
king-mahasen
guardian
Sinhalaking [SHG]
CitiZen
0
0
Comments
sign in to comment!
No comments posted yet!